AoeStats
← Xhour

Black Forest

509424766Analyzed
2v2 RM · 6d ago on Sep 26, 2026· 50m 44s· 4 players
Game mode
Random Map
Map size
Medium (4 player)
Population
200
Speed
Normal
Resources
Standard
Victory
Conquest
Starting age
Dark Age
Ending age
Imperial Age
RankedLock teamsTeams togetherTeam positionsShared explorationLock speedFull tech treeHidden civsTurbo modeCheats
Victory
Defeat
🇫🇷 Franks · France
876
+16
🇫🇷 Spanish · France
846
+18
🇺🇸 Byzantines · United States
949
-61
🇺🇸 Jurchens · United States
820
-14
__yoshimitsu__
0:51 Loom
14:48 Feudal Age
16:26 Wheelbarrow
15:41 Double-Bit Axe
15:39 Horse Collar
15:56 Gold Mining
15:57 Stone Mining
23:38 Castle Age
24:45 Hand Cart
24:48 Bow Saw
24:54 Heavy Plow
25:34 Stone Shaft Mining
33:14 Caravan
33:41 Fortified Wall
37:29 Imperial Age
36:56 Masonry
36:41 Murder Holes
37:54 Husbandry
38:04 Bloodlines
38:41 Conscription
39:27 Chemistry
38:58 Architecture
38:49 Forging
38:45 Scale Barding Armor
38:16 Cavalier
38:47 Fishing Lines
41:13 Two-Man Saw
42:12 Bombard Tower
42:13 Ballistics
44:03 Iron Casting
43:48 Chain Barding Armor
43:42 Gillnets
44:16 Paladin
47:15 Arrowslits
47:46 Redemption
47:36 Atonement
47:47 Fervor
47:58 Sanctity
47:38 Devotion
Xhour
0:31 Loom
14:20 Feudal Age
15:01 Double-Bit Axe
16:22 Wheelbarrow
15:48 Stone Mining
16:43 Town Watch
16:53 Gold Mining
16:48 Fishing Lines
23:24 Castle Age
22:29 Arson
22:04 Man-at-Arms
24:52 Caravan
25:13 Town Patrol
25:56 Gold Shaft Mining
27:52 Hand Cart
29:00 Treadmill Crane
31:07 Bow Saw
31:29 Guard Tower
31:47 Scale Mail Armor
33:39 Scale Barding Armor
33:49 Chain Mail Armor
33:56 Chain Mail Armor
34:06 Masonry
35:14 Chain Barding Armor
35:07 Forging
35:36 Murder Holes
35:52 Fortified Wall
38:50 Imperial Age
36:11 Gambesons
36:31 Pikeman
37:12 Squires
36:33 Long Swordsman
37:55 Padded Archer Armor
38:35 Iron Casting
38:50 Husbandry
38:15 Light Cavalry
40:08 Hoardings
39:55 Conscription
39:03 Ordonnance Companies
39:10 Halberdier
41:17 Chemistry
40:52 Chivalry
41:29 Two-Handed Swordsman
42:18 Siege Engineers
42:18 Elite Throwing Axeman
42:52 Cavalier
45:16 Plate Barding Armor
45:12 Plate Mail Armor
45:44 Blast Furnace
45:28 Ballistics
49:15 Architecture
49:06 Leather Archer Armor
48:41 Fletching
51:03 Bodkin Arrow
Vongoli Momoli
0:27 Loom
14:15 Feudal Age
15:37 Double-Bit Axe
16:30 Horse Collar
22:39 Castle Age
22:10 Wheelbarrow
21:22 Town Watch
23:59 Bow Saw
23:51 Heavy Plow
24:11 Scale Barding Armor
23:58 Fletching
25:19 Bloodlines
25:11 Husbandry
31:47 Forging
31:58 Chain Barding Armor
35:24 Imperial Age
34:08 Hand Cart
34:33 Iron Casting
35:30 Capped Ram
39:12 Siege Engineers
40:09 Chemistry
39:07 Murder Holes
41:36 Elite Iron Pagoda
42:34 Thunderclap Bombs
42:44 Conscription
42:27 Fortified Bastions
42:45 Heavy Rocket Cart
44:33 Stone Mining
44:40 Gold Mining
45:53 Light Cavalry
48:30 Bodkin Arrow
49:36 Blast Furnace
49:12 Plate Barding Armor
48:38 Padded Archer Armor
48:43 Squires
49:18 Hussar
tswag
9:56 Loom
18:27 Feudal Age
21:20 Wheelbarrow
23:03 Forging
22:53 Scale Mail Armor
22:59 Scale Barding Armor
22:54 Padded Archer Armor
25:49 Arson
26:49 Gold Mining
28:19 Fletching
28:25 Stone Mining
31:55 Castle Age
31:39 Double-Bit Axe
31:36 Man-at-Arms
33:21 Gold Shaft Mining
33:23 Stone Shaft Mining
32:37 Pikeman
39:04 Squires
42:37 Hand Cart
42:49 Bow Saw
43:36 Iron Casting
43:19 Chain Mail Armor
43:25 Chain Barding Armor
43:22 Leather Archer Armor
43:03 Bodkin Arrow
44:26 Caravan
44:59 Coinage
Connection lost

Rejoining the realm…

Still unreachable

The connection could not be restored.

Session expired

The server has moved on; the page needs a fresh start.